 Dungeon Crawl Stone Soup version 0.27.0-1-g7a089689b8 (webtiles) character file.

Game seed: 3919011924696706311

12483 robertstho the Unseen (level 11, -1/80 HPs)
             Began as an Octopode Berserker on Aug 5, 2021.
             Was an Elder of Trog.
             Slain by an entropy weaver simulacrum (14 damage)
             ... in an ice cave.
             The game lasted 00:12:21 (11719 turns).

robertstho the Unseen (Octopode Berserker)         Turns: 11719, Time: 00:12:22

Health: -1/80      AC:  1    Str: 19    XL:     11   Next: 94%
Magic:  11/11      EV: 15    Int: 11    God:    Trog [****..]
Gold:   305        SH:  5    Dex: 11    Spells: 10/10 levels left

rFire    x . .     SeeInvis .   i - +4 short sword (vorpal)
rCold    + . .     Faith    .   (no shield)
rNeg     . . .     Spirit   .   (helmet restricted)
rPois    +         Reflect  +   w - amulet of reflection
rElec    .         Harm     .   l - ring of poison resistance
rCorr    .         Rampage  .   p - ring of ice
Will     .....                  x - ring of flight
Stlth    +++++++...             (no ring)
HPRegen  0.23/turn              (no ring)
MPRegen  0.12/turn              (no ring)
                                (no ring)
                                (no ring)

@: flying
A: almost no armour, amphibious, 8 rings, camouflage 1, gelatinous body 1,
(nimble swimmer 1), tentacles
a: Renounce Religion, Berserk, Trog's Hand, Brothers in Arms


You were in an ice cave.
You worshipped Trog.
Trog was greatly pleased with you.
You visited 2 branches of the dungeon, and saw 11 of its levels.
You also visited: Ice Cave.

You collected 545 gold pieces.
You spent 240 gold pieces at shops.

Inventory:

Hand Weapons
 i - a +4 vorpal short sword (weapon)
 v - a +4 scimitar of flaming
Missiles
 C - 2 throwing nets (quivered)
Jewellery
 l - a ring of poison resistance (left tentacle)
 p - a ring of ice (right tentacle)
 w - an amulet of reflection (around mantle)
 x - a ring of flight (on tentacle)
Wands
 n - a wand of charming (6)
 u - a wand of mindburst (16)
Scrolls
 a - a scroll of magic mapping
 b - a scroll of acquirement {unknown}
 h - a scroll of torment
 j - 4 scrolls of teleportation
 o - 3 scrolls of immolation
 q - a scroll of silence {unknown}
 r - a scroll of enchant armour {unknown}
 t - a scroll of amnesia {unknown}
 B - a scroll of vulnerability
Potions
 c - a potion of attraction
 d - 2 potions of might
 e - a potion of heal wounds
 f - 2 potions of lignification {unknown}
 g - 5 potions of curing {unknown}
 k - 2 potions of resistance {unknown}
 m - a potion of mutation {unknown}
 z - 3 potions of magic {unknown}
 A - a potion of berserk rage {unknown}


   Skills:
 * Level 9.1 Fighting
 + Level 9.7 Short Blades
 + Level 7.1 Dodging
 * Level 16.1 Stealth
 + Level 2.1 Shields


You had 10 spell levels left.
You didn't know any spells.
Your spell library was empty.

Dungeon Overview and Level Annotations

Branches:
Dungeon (10/15)            Temple (0/1) D:6            Lair (1/6) D:8
    Orc (0/2) D:10          IceCv (1/1)

Altars:
Dithmenos
Gozag
Kikubaaqudgha
Okawaru
Trog
Uskayaw
Vehumet
Wu Jian
Yredelemnul
The Shining One

Shops:
D:5 =

Annotations:
D:8 3 runed translucent doors, dolemite99's ghost, novice DDFi


Innate Abilities, Weirdness & Mutations

You cannot wear most types of armour.
You are amphibious.
You can wear up to eight rings at the same time.
Your skin changes colour to match your surroundings (Stealth+).
Your rubbery body absorbs attacks. (AC +1, EV +1)
((You are camouflaged near water. (Stealth+)))
You have tentacles for arms and can constrict up to eight enemies at once.


Message History

No target in view!
No target in view!
You start resting.
HP restored.
A slime creature comes into view. 2 slime creatures and a simulacrum come into view.
A glowing shapeshifter simulacrum comes into view.
A slime creature comes into view.
Found a buckler of cold resistance.
The helpless slime creature fails to defend itself.
You perforate the slime creature like a sieve!!!!
You kill the slime creature!
Trog accepts your kill.
The entropy weaver simulacrum completely misses you.
The entropy weaver simulacrum misses you.
The entropy weaver simulacrum barely misses you.
The entropy weaver simulacrum hits you.
The entropy weaver simulacrum freezes you!
You resist.
You hit the entropy weaver simulacrum. You grab the entropy weaver simulacrum.
The entropy weaver simulacrum is lightly damaged.
You constrict the entropy weaver simulacrum, but do no damage.
You puncture the entropy weaver simulacrum!
You squeeze the entropy weaver simulacrum, but do no damage.
The entropy weaver simulacrum is moderately damaged.
You constrict the entropy weaver simulacrum.
The slime creature quivers.
The entropy weaver simulacrum hits you.
The entropy weaver simulacrum freezes you!
You resist. The entropy weaver simulacrum hits you.
The entropy weaver simulacrum freezes you!
You resist. The entropy weaver simulacrum hits you!
The entropy weaver simulacrum freezes you!
You resist.
* * * LOW HITPOINT WARNING * * *
The entropy weaver simulacrum hits you.
* * * LOW HITPOINT WARNING * * *
The entropy weaver simulacrum freezes you!
You resist.
You die...

#### #J..##
##.....#
#......##
#@ZJJZ..#
##.......#
##....#...#
#...#.# ..#
##..##.# #
#..## [#
#..# #
##.## #..#


You could see 3 slime creatures, a glowing shapeshifter simulacrum and an
entropy weaver simulacrum.

Vanquished Creatures
  A hydra (Lair:1)
  Harold (D:10)
  Erica (D:8)
  An ugly thing (D:9)
  A manticore (D:8)
  An elephant (D:8)
  Joseph (D:10)
  Maurice (D:10)
  2 komodo dragons
  Psyche (D:10)
  A kobold demonologist (D:7)
  2 rime drakes (Lair:1)
  2 trolls (D:9)
  A slime creature (IceCv)
  A shadow (D:10)
  A wyvern (D:9)
  4 fire bats (D:8)
  10 yaks
  2 steam dragons (D:6)
  2 basilisks (D:8)
  4 orc warriors
  4 water moccasins
  A swamp drake (D:10)
  A hornet zombie (D:7)
  An ugly thing simulacrum (IceCv)
  2 ogres
  3 bullfrogs
  2 phantoms (D:6)
  2 kobold brigands
  3 scorpions
  A water moccasin zombie (D:5)
  3 wights (D:10)
  4 killer bees (D:8)
  10 howler monkeys
  A vampire bat (D:6)
  A bullfrog zombie (D:6)
  5 orc priests
  2 bullfrog skeletons
  2 jellies (D:6)
  2 centaur zombies
  A centaur skeleton (D:4)
  2 hounds
  3 orc wizards
  2 killer bee zombies
  A howler monkey zombie (D:4)
  A howler monkey skeleton (D:4)
  5 adders
  2 worms (D:2)
  2 dart slugs
  34 orcs
  10 endoplasms
  3 giant cockroaches (D:1)
  3 goblins (D:1)
  5 hobgoblins
  7 jackals
  20 kobolds
  2 quokkas
  5 ball pythons
  13 bats
  3 frilled lizards
  5 rats
220 creatures vanquished.

Vanquished Creatures (others)
  An orc warrior (D:10)
  An orc (D:10)
  A fungus (D:8)
  3 plants
6 creatures vanquished.

Grand Total: 226 creatures vanquished

Notes
Turn   | Place    | Note
-------+----------+-------------------------------------------
     0 | D:1      | robertstho the Octopode Berserker began the quest for the
                  | Orb.
     0 | D:1      | Reached XP level 1. HP: 16/16 MP: 1/1
   372 | D:1      | Reached XP level 2. HP: 16/21 MP: 2/2
   496 | D:1      | Reached skill level 1 in Stealth
   723 | D:1      | Reached XP level 3. HP: 23/26 MP: 3/3
  1053 | D:1      | Found a faded altar of an unknown god.
  1305 | D:2      | Found an ornate altar of the Wu Jian Council.
  1367 | D:2      | Reached ** piety under Trog
  1368 | D:2      | Reached skill level 2 in Stealth
  1368 | D:2      | Reached XP level 4. HP: 29/32 MP: 4/4
  1762 | D:2      | Reached skill level 3 in Stealth
  2370 | D:3      | Found an iron altar of Okawaru.
  2434 | D:3      | Reached XP level 5. HP: 37/37 MP: 5/5
  2571 | D:3      | Reached skill level 4 in Stealth
  2576 | D:3      | Reached *** piety under Trog
  2714 | D:3      | Found a shadowy altar of Dithmenos.
  2996 | D:4      | Reached skill level 5 in Stealth
  3124 | D:4      | Reached XP level 6. HP: 42/43 MP: 6/6
  3274 | D:4      | Found a bloodstained altar of Trog.
  3359 | D:4      | Reached skill level 6 in Stealth
  3644 | D:4      | Found an opulent altar of Gozag.
  3869 | D:5      | Entered Level 5 of the Dungeon
  3869 | D:5      | Noticed a +0 spear
  3869 | D:5      | Noticed a +0 dagger
  3869 | D:5      | Noticed a +0 spear
  3869 | D:5      | Noticed a +0 short sword
  3871 | D:5      | Noticed a +0 falchion
  3871 | D:5      | Noticed a +0 falchion
  3872 | D:5      | Noticed a +0 dagger
  3872 | D:5      | Noticed a +0 short sword
  3885 | D:5      | Reached XP level 7. HP: 34/49 MP: 7/7
  4060 | D:5      | Found a hide-covered altar of Uskayaw.
  4096 | D:5      | Reached skill level 7 in Stealth
  4225 | D:5      | Found Hucvybb's Jewellery Boutique.
  4233 | D:5      | Bought a ring of poison resistance for 240 gold pieces
  4386 | D:5      | Reached skill level 5 in Short Blades
  4617 | D:5      | Reached skill level 5 in Fighting
  4915 | D:6      | Noticed a steam dragon
  4922 | D:6      | Killed a steam dragon
  4923 | D:6      | Reached XP level 8. HP: 55/55 MP: 8/8
  4927 | D:6      | Reached skill level 8 in Stealth
  5484 | D:6      | Reached skill level 9 in Stealth
  5670 | D:6      | Found a staircase to the Ecumenical Temple.
  5903 | D:7      | Noticed a kobold demonologist
  5914 | D:7      | Noticed a hellwing
  5915 | D:7      | Killed a kobold demonologist
  5916 | D:7      | Reached skill level 10 in Stealth
  5916 | D:7      | Reached XP level 9. HP: 45/62 MP: 9/9
  6415 | D:8      | Reached **** piety under Trog
  6731 | D:8      | Reached skill level 11 in Stealth
  6960 | D:8      | Noticed an elephant
  7119 | D:8      | Found a staircase to the Lair.
  7137 | D:8      | Noticed a manticore
  7173 | D:8      | Killed a manticore
  7174 | D:8      | Reached skill level 5 in Dodging
  7181 | D:8      | Reached skill level 12 in Stealth
  7279 | D:8      | Noticed Erica
  7306 | D:8      | Killed Erica
  7307 | D:8      | Reached skill level 13 in Stealth
  7307 | D:8      | Reached XP level 10. HP: 71/71 MP: 10/10
  7370 | D:8      | Killed an elephant
  7703 | D:8      | Found a runed translucent gate.
  7703 | D:8      | Found a runed translucent gate.
  7703 | D:8      | Found a runed translucent gate.
  7703 | D:8      | Noticed dolemite99's ghost (novice DDFi)
  7706 | D:8      | Found a basalt altar of Yredelemnul.
  7811 | D:8      | HP: 2/106 [fire bat (13)]
  8259 | D:9      | Found a glowing golden altar of the Shining One.
  8517 | D:9      | Reached skill level 1 in Shields
  9514 | D:9      | Noticed a green ugly thing
  9531 | D:9      | Killed a green ugly thing
  9532 | D:9      | Reached skill level 14 in Stealth
  9532 | D:9      | Reached XP level 11. HP: 61/78 MP: 11/11
  9822 | D:9      | Found a radiant altar of Vehumet.
  9892 | D:10     | Entered Level 10 of the Dungeon
 10320 | D:10     | Noticed Joseph
 10327 | D:10     | Killed Joseph
 10433 | D:10     | Noticed Maurice
 10441 | D:10     | Killed Maurice
 10473 | D:10     | Noticed Harold
 10475 | D:10     | Killed Harold
 10476 | D:10     | Reached skill level 15 in Stealth
 10618 | D:10     | Noticed Psyche
 10619 | D:10     | Found a staircase to the Orcish Mines.
 10631 | D:10     | Paralysed by something for 6 turns
 10926 | D:10     | Found an ancient bone altar of Kikubaaqudgha.
 11259 | D:10     | Killed Psyche
 11470 | Lair:1   | Entered Level 1 of the Lair of Beasts
 11503 | Lair:1   | Noticed a five-headed hydra
 11510 | Lair:1   | Killed a five-headed hydra
 11567 | Lair:1   | Found a frozen archway.
 11576 | Lair:1   | Reached skill level 16 in Stealth
 11587 | IceCv    | Entered an ice cave
 11719 | IceCv    | Slain by an entropy weaver simulacrum

Illustrated notes

Levels and vault maps discovered:
D:1:      nicolae_arrival_washed_ashore, layout_basic,
          shapermc_ecumenical_altar_venn, minmay_stone_trees_small
D:2:      layout_loops_cross, basic_altar
D:3:      layout_loops_ring, okawaru_ov_weapons_minmay, grunt_dithmenos_smoke,
          small_statue_alley_b, minmay_misc_feat_secret_circle
D:4:      layout_loops_ring, mainiacjoe_overflow_paths,
          trog_three_pillars_becter
D:5:      layout_cave_pods, nicolae_uskayaw_en_pointe, serial_shops, shop
D:6:      layout_cave_pools, lemuel_temple_firewalk_b, roderic_batcave
D:7:      layout_basic, mainiacjoe_overflow_catch_the_wave,
          serial_park_tiny_pond
D:8:      layout_rooms, nicolae_yredelemnul_ghost_church, david_lair_generic,
          hangedman_incinerator, uniq_erica
D:9:      layout_irregular_city, marbit_many_paths, mainiacjoe_overflow_brackets
D:10:     layout_rooms, lemuel_doored_altar, erik_orc_1, uniq_psyche,
          uniq_harold, uniq_maurice, uniq_joseph
Lair:1:   wad_woods_structure_01, layout_loops_ring, portal_ice_cave_rime,
          minivault_24
IceCv:    ice_cave_hellmonk_azure_passage

Skill      XL: |  1  2  3  4  5  6  7  8  9 10 11 |
---------------+----------------------------------+-----
Stealth        | 1 2 3 5 6 7 10 13 14 16 | 16.1
Fighting       | 4 5 6 7 8 9 |  9.1
Short Blades   | 4 5 6 7 9 |  9.7
Dodging        | 4 5 6 7 |  7.1
Shields        | 1 2 |  2.1

Action                   |  1- 3 |  4- 6 |  7- 9 | 10-12 || total
-------------------------+-------+-------+-------+-------++-------
Melee: Short sword       |    53 |   110 |   137 |   213 ||   513
       Tentacles         |    11 |    26 |    27 |    48 ||   112
       Constrict         |     7 |    25 |    23 |    24 ||    79
Invok: Berserk           |     2 |       |     9 |     8 ||    19
       Trog's Hand       |       |       |       |     2 ||     2
  Use: Scroll            |       |     6 |     1 |     4 ||    11
       Potion            |       |       |       |     3 ||     3
 Stab: Sleeping          |     8 |    15 |    11 |    22 ||    56
       Distracted        |       |     1 |     1 |     3 ||     5
Armor: Skin              |     4 |     3 |     8 |     4 ||    19
Dodge: Dodged            |    25 |    37 |    70 |    85 ||   217
Block: Other             |       |       |     6 |    22 ||    28
